NCommander, chaotic male elven Wizard ----------- |..........######### |.....)..<| |..........# |.........| |.........| --------.-- a@a#f##### q # NCommander the Conjurer Experience level: 5 Strength: 8 Dexterity: 14 Constitution: 15 Intelligence: 20 Wisdom: 9 Charisma: 9 Health: 0(34) Energy: 8(44) Def: 2 Gold: 695 Moves: 2284 Dungeon seed: p1UeyTebmtuEuhtw Game ID: NCommander_1475348867 Your Inventory: Coins $ - 695 gold pieces Weapons p - a +0 orcish dagger D - a +0 dagger (weapon in hand) Armor e - an uncursed +0 cloak of magic resistance (being worn) q - an uncursed +0 dwarvish cloak r - a cursed -1 pair of iron shoes Comestibles u - an uncursed pancake z - 2 uncursed food rations F - 2 uncursed soylents Scrolls i - an uncursed scroll of light j - 2 uncursed scrolls of remove curse k - a blessed scroll of teleportation s - a blessed scroll of fire t - an uncursed scroll of teleportation v - an uncursed scroll of enchant weapon x - an uncursed scroll of enchant armor I - an uncursed scroll of identify S - a cursed scroll of enchant armor Spellbooks l - a blessed spellbook of force bolt m - an uncursed spellbook of charm monster H - an uncursed spellbook of healing Potions f - 2 uncursed potions of water g - an uncursed potion of gain energy h - an uncursed potion of paralysis o - an uncursed potion of gain ability w - an uncursed potion of sickness G - an uncursed potion of monster detection J - a blessed potion of sickness R - an uncursed potion of sleeping Rings c - an uncursed +1 ring of protection (on left hand) d - a blessed +1 ring of gain strength Wands b - a wand of opening (0:2) A - a wand of digging (0:6) Tools n - an uncursed wooden harp B - a cursed tallow candle (0:200) E - 4 uncursed tallow candles (0:200) Gems y - an uncursed worthless piece of blue glass N - 2 uncursed worthless pieces of orange glass Spells and supernatural/magical abilities: Name Level Category Fail Memory a - force bolt 1 attack 0% 89% e - charm monster 3 enchantment 0% 89% h - healing 1 healing 0% 96% W - pray for help -- divine ? -- Your skills at the end: Fighting Skills Weapon Skills dagger [Basic] quarterstaff [Basic] Spellcasting Skills attack spells [Basic] enchantment spells [Basic] Final Attributes: You were piously aligned. You were sleep resistant. You were poison resistant. You were magic-protected. You were telepathic. You had infravision. You were protected. You are dead. Vanquished creatures: 2 leprechauns 3 gnome lords a floating eye 2 dwarves 2 killer bees 2 coyotes a hobbit 2 giant rats a green mold 5 gnomes 4 geckos 2 foxes 2 goblins 5 sewer rats a grid bug a lichen 5 newts 41 creatures vanquished. Voluntary challenges: You used a wielded weapon 41 times, starting on turn 89. You read items or engraved 3 times, starting on turn 1407. You never genocided any monsters. You never polymorphed an object. You never changed form. You used no wishes. You never split a pudding. You wrote Elbereth's name 1 time, starting on turn 1623. You violated your moral code, losing 2 points of alignment, starting on turn 1595. Dungeon overview: The Dungeons of Doom: levels 1 to 6 Level 1 a long staircase Level 2 Level 3 a potion shop stairs to The Gnomish Mines Level 4 a fountain Level 5 a general store, some fountains Level 6 <- You were here The Gnomish Mines: levels 4 to 5 Level 4 stairs to The Dungeons of Doom Level 5 History has recorded: On T:1 you entered the Dungeons of Doom to retrieve the Amulet of Yendor! On T:64 you reached level 2 of The Dungeons of Doom. On T:279 you advanced to experience level 2. On T:567 you reached level 3 of The Dungeons of Doom. On T:724 you reached level 4 of The Dungeons of Doom. On T:744 you reached level 1 of The Gnomish Mines. On T:760 you reached level 2 of The Gnomish Mines. On T:797 you advanced to experience level 3. On T:818 you advanced to experience level 4. On T:1279 you reached level 5 of The Dungeons of Doom. On T:2155 you reached level 6 of The Dungeons of Doom. On T:2221 you advanced to experience level 5. Score breakdown: Gold: 695 ( 9669 points) Experience: 5 levels (11141 points) Exploration: 6 levels ( 11.32%) ( 9302 points) Discoveries: 3 items ( 1.09%) ( 3127 points) Valuables value: (no points given unless you survive) Artifact value: 0 ( 0 points) Variety of kills: 17 monsters ( 4.46%) ( 6336 points) Turncount: 2284 turns ( -197 points) Survival: died (score multiplied by 80%) Total score: 31502 Latest messages: You finish eating the killer bee corpse. Someone shouts "Off with his head!" You displace your dwarf zombie. The killer bee stings! (2x) You miss the killer bee. The killer bee stings! You miss the killer bee. The killer bee just misses! The killer bee stings! The dwarf zombie misses the killer bee. The killer bee just misses! The killer bee stings! The rothe hits! The rothe bites! (2x) The rothe hits! The rothe bites! (2x) You displace your killer bee. The killer bee stings the rothe. The rothe misses the killer bee. (3x) The rothe hits! You die... Final status: Goodbye NCommander the Wizard, killed by a rothe... You died in The Dungeons of Doom on dungeon level 6 with 31502 points, and 695 pieces of gold, after 2284 moves. You were level 5 with a maximum of 34 hit points when you died.